 Dungeon Crawl Stone Soup version 0.29.1-1-gd02db6906a (webtiles) character file.

Game seed: 11260828030255290013

31 Mune the Trooper (level 3, 0/31 HPs)
             Began as a Palentonga Fighter on Oct 14, 2022.
             Slain by an iguana (2 damage)
             ... on level 4 of the Dungeon.
             The game lasted 00:04:23 (971 turns).

Mune the Trooper (Palentonga Fighter)                Turns: 971, Time: 00:04:24

Health: 0/31       AC:  6    Str: 23    XL:     3   Next: 7%
Magic:  3/3        EV:  7    Int:  8    God:
Gold:   86         SH:  4    Dex:  9    Spells: 2/2 levels left

rFire   . . .      SeeInvis +   a - +0 flail
rCold   . . .      Faith    .   c - +0 buckler
rNeg    . . .      Spirit   .   b - +0 scale mail
rPois   .          Reflect  .   (no helmet)
rElec   .          Harm     .   (no cloak)
rCorr   .          Rampage  .   (no gloves)
Will    .....                   (no barding)
Stlth   ..........              (no amulet)
HPRegen 0.10/turn               e - ring of wizardry
MPRegen 0.08/turn               (no ring)

@: no status effects
A: large, rugged brown scales 3, see invisible, deformed body, roll 1, armoured
tail
a: Rolling Charge


You were on level 4 of the Dungeon.
You visited 1 branch of the dungeon, and saw 4 of its levels.

You collected 86 gold pieces.

Inventory:

Hand Weapons
 a - a +0 flail (weapon)
 f - a +0 short sword
 i - a +0 short sword
 j - a +0 club
 l - a +0 club
 m - a +0 mace
 p - a +0 spear
 q - a +0 sling
Missiles
 g - 6 boomerangs
Armour
 b - a +0 scale mail (worn)
 c - a +0 buckler (worn)
 t - a +0 robe
Jewellery
 e - a ring of wizardry (left hand)
Scrolls
 h - a scroll of acquirement {unknown}
 r - a scroll of noise {unknown}
 s - 4 scrolls of enchant weapon {unknown}
Potions
 d - a potion of might
 k - 2 potions of resistance {unknown}
 n - a potion of haste {unknown}
 o - a potion of attraction {unknown}


   Skills:
 + Level 3.2 Fighting
 + Level 2.3 Maces & Flails
 + Level 2.7 Armour
 + Level 0.1 Dodging
 + Level 3.0 Shields


You had 2 spell levels left.
You didn't know any spells.
Your spell library contained the following spells:

 Spells                   Type           Power      Damage    Failure   Level
 Summon Small Mammal      Summ           0%         N/A       45%         1
 Call Canine Familiar     Summ           0%         N/A       82%         3
 Dazzling Flash           Conj/Hex       0%         N/A       82%         3
 Summon Guardian Golem    Hex/Summ       0%         N/A       82%         3
 Summon Lightning Spire   Summ/Air       0%         N/A       99%         4
 Agony                    Necr           0%         N/A       100%        5
 Silence                  Hex/Air        0%         N/A       100%        5
 Storm Form               Tmut/Air       0%         N/A       100%        7
 Maxwell's Capacitive Co  Air            0%         ∞         100%        8


Dungeon Overview and Level Annotations

Branches:
Dungeon (4/15)
 Temple: D:4-7

Altars:


Innate Abilities, Weirdness & Mutations

You are completely covered in rugged brown scales. (AC +3, +7% HP)
You have supernaturally acute eyesight. (SInv)
Armour fits poorly on your strangely shaped body.
You can roll at nearby foes to attack.
You have a long armoured tail.


Message History

The jackal bites you.
* * * LOW HITPOINT WARNING * * *
The iguana attacks as you move away! You block the iguana's attack.
The jackal bites you but does no damage.
The jackal bites you but does no damage.
The iguana barely misses you.
The jackal bites you but does no damage.
You block the jackal's attack.
There is a stone staircase leading down here.
The jackal barely misses you. You block the iguana's attack.
You climb downwards.
There is a stone staircase leading up here.
You can't go down here!
The jackal bites you but does no damage.
The iguana barely misses you. The jackal barely misses you.
You climb upwards.
There is a stone staircase leading down here.
The jackal barely misses you. The iguana barely misses you.
You climb downwards.
There is a stone staircase leading up here.
The jackal bites you but does no damage.
The iguana barely misses you.
You climb upwards.
There is a stone staircase leading down here.
The jackal bites you but does no damage.
The iguana bites you.
* * * LOW HITPOINT WARNING * * *
You block the jackal's attack.
You climb downwards.
There is a stone staircase leading up here.
The jackal bites you but does no damage.
The iguana closely misses you.
You climb upwards.
There is a stone staircase leading down, spattered with blood here.
The jackal bites you but does no damage.
You block the iguana's attack. The jackal barely misses you.
You climb downwards.
There is a stone staircase leading up here.
The iguana bites you.
You die...

#####
#.lh#
#@#
###


You could see an iguana and a jackal.

Vanquished Creatures
  An adder (D:2)
  A dart slug (D:1)
  An endoplasm (D:2)
  A giant cockroach (D:1)
  3 goblins
  A hobgoblin (D:1)
  A jackal (D:3)
  3 quokkas (D:1)
  A ball python (D:1)
  3 bats
  A frilled lizard (D:1)
  A kobold (D:1)
  2 rats (D:1)
20 creatures vanquished.

Notes
Turn   | Place    | Note
-------+----------+-------------------------------------------
     0 | D:1      | Mune the Palentonga Fighter began the quest for the Orb.
     0 | D:1      | Reached XP level 1. HP: 19/19 MP: 1/1
   404 | D:1      | Reached XP level 2. HP: 25/25 MP: 2/2
   756 | D:2      | Reached XP level 3. HP: 31/31 MP: 3/3
   965 | D:3      | HP: 1/31 [iguana (2)]
   971 | D:4      | Slain by an iguana

Illustrated notes

Levels and vault maps discovered:
D:1:      lightli_arrival_flooded_house, layout_loops_ring
D:2:      layout_loops_cross, serial_shops, shop_statue
D:3:      layout_basic, ebering_ecumenical_altar_petrified
D:4:      minmay_recursive_quarters, layout_basic

Skill      XL: |  1  2 |
---------------+-------+-----
Shields        | 3 |  3.0
Fighting       | |  3.2
Maces & Flails | |  2.3
Armour         | |  2.7
Dodging        | |  0.1

Action                   || total
-------------------------++-------
Melee: Flail             ||    59
       Tailslap          ||     5
  Use: Scroll            ||     1
Armor: Scale mail        ||    67
Dodge: Dodged            ||    37
Block: Buckler           ||    17
